Oilers vs Avalanche
Created - January 21, 2021 at 19:37
Goals
|
| Oilers |
1 |
3 |
2 |
6 |
| Avalanche |
2 |
2 |
0 |
4 |
|
Shots
|
| Oilers |
12 |
19 |
3 |
34 |
| Avalanche |
9 |
16 |
5 |
30 |
|
1st period
1. Avalanche , Peter Prucha 5 (Charlie Coyle 5, Andrew Ladd 7) at 4:46
2. Avalanche , James Van Riemsdyk 10 (Evgeny Dadonov 11, Paul Stastny 19) at 8:57 (PP)
3. Oilers , Connor McDavid 12 (James Neal 19, Pavel Buchnevich 11) at 15:26
Penalties :
Phil Kessel (EDM) for Hooking (Minor) at 8:12, Erik Karlsson (Col) for Roughing (Minor) at 15:35
2nd period
4. Oilers , Kellan Lain 8 (Taylor Hall 21) at 4:43
5. Oilers , Chris Kreider 18 (Leon Draisaitl 17, Shea Weber 12) at 5:35
6. Oilers , Taylor Hall 17 (Darnell Nurse 3) at 7:02
7. Avalanche , Andrew Ladd 6 (Kyle Turris 10, Mattias Ekholm 6) at 10:11 (SH)
8. Avalanche , Tomas Tatar 2 (Nick Cousins 2, Marc Staal 15) at 18:05
Penalties :
Taylor Hall (EDM) for Holding (Minor) at 1:49, Colten Teubert (Col) for Holding (Minor) at 9:21, Oscar Klefbom (EDM) for Hooking (Minor) at 14:00
3rd period
9. Oilers , James Neal 12 (Chris Kreider 12, Phil Kessel 20) at 3:36
10. Oilers , Taylor Hall 18 (Phil Kessel 21, Riley Sheahan 20) at 19:13
Penalties :
Taylor Hall (EDM) for Cross-checking (Minor) at 5:41, Andrew Ladd (Col) for Roughing (Minor) at 19:18
Goalie Stats
James Reimer (EDM), 26 saves from 30 shots - (0.867), W, 18-9-3, 60:00 minutes
Semyon Varlamov (Col), 28 saves from 34 shots - (0.824), L, 13-6-4, 60:00 minutes
Players Stats for Oilers
Player Name G A P +/- PIM S H SB GA TA FO MP PP MP PK MP
------------------------------------------------------------------------------------
Chris Kreider 1 1 2 -1 0 3 1 2 0 0 0/2 16:47 2:36 0:49
Connor McDavid 1 0 1 1 0 7 1 1 1 0 6/11 15:14 2:36 0:30
Darnell Nurse 0 1 1 0 0 0 2 3 0 0 0/0 18:28 0:00 2:39
Denis Grebeshkov 0 0 0 3 0 1 2 3 0 3 0/0 21:01 0:00 2:18
James Neal 1 1 2 2 0 1 1 2 1 0 1/1 13:27 0:00 1:20
Jordan Caron 0 0 0 0 0 1 1 0 0 0 0/0 7:45 0:00 0:00
Kellan Lain 1 0 1 0 0 2 1 1 1 1 0/0 12:43 0:00 4:26
Kevin Porter 0 0 0 0 0 0 1 0 0 0 0/2 10:10 0:00 1:43
Leon Draisaitl 0 1 1 0 0 3 0 0 0 1 3/8 15:16 2:03 0:00
Oscar Klefbom 0 0 0 1 2 2 0 0 0 0 0/0 15:51 3:56 0:21
Pavel Buchnevich 0 1 1 2 0 0 0 1 0 1 0/0 14:02 2:03 0:00
Phil Kessel 0 2 2 1 2 1 1 1 1 0 0/0 13:31 0:00 0:00
Riley Sheahan 0 1 1 2 0 0 0 1 2 0 15/28 19:00 0:00 4:09
Seth Jones 0 0 0 1 0 4 0 1 0 2 0/0 23:35 0:43 4:03
Shea Weber 0 1 1 0 0 2 0 0 0 1 0/0 23:20 0:43 4:03
Taylor Hall 2 1 3 2 4 4 2 1 0 0 1/2 18:03 2:03 0:27
Teuvo Teravainen 0 0 0 0 0 3 0 0 0 0 0/1 17:17 2:36 0:00
Tobias Enstrom 0 0 0 1 0 0 0 0 0 1 0/0 17:44 3:56 0:00
Players Stats for Avalanche
Player Name G A P +/- PIM S H SB GA TA FO MP PP MP PK MP
------------------------------------------------------------------------------------
Andrew Ladd 1 1 2 -1 2 2 4 0 0 0 0/0 14:34 0:51 1:04
Bryan Little 0 0 0 -3 0 2 2 0 0 0 10/24 18:44 3:41 0:00
Charlie Coyle 0 1 1 -2 0 3 2 1 0 0 11/15 16:45 0:28 3:35
Colten Teubert 0 0 0 -1 2 0 6 2 0 0 0/0 18:43 2:37 0:33
Erik Karlsson 0 0 0 -1 2 1 2 2 0 0 0/0 20:46 4:05 0:00
Evgeny Dadonov 0 1 1 0 0 5 2 0 3 0 1/1 15:15 2:10 0:00
Jack Johnson 0 0 0 -2 0 3 0 2 1 2 0/0 23:58 2:37 3:20
James Van Riemsdyk 1 0 1 0 0 4 1 0 1 0 0/0 15:37 2:10 0:00
Kyle Turris 0 1 1 2 0 2 0 0 0 1 1/2 8:52 0:00 1:04
Marc Staal 0 1 1 -2 0 1 1 1 1 1 0/0 26:31 3:39 3:20
Mattias Ekholm 0 1 1 0 0 0 2 0 0 0 0/0 15:41 0:26 1:19
Mikkel Boedker 0 0 0 -3 0 0 3 0 2 0 0/0 18:44 3:41 0:00
Nick Cousins 0 1 1 1 0 0 0 1 0 0 0/0 8:14 0:48 0:00
Patric Hornqvist 0 0 0 -3 0 2 1 0 1 1 0/1 18:44 3:41 0:00
Paul Stastny 0 1 1 0 0 0 1 0 0 1 6/11 15:15 2:10 0:00
Peter Prucha 1 0 1 -2 0 2 0 0 1 0 0/1 16:17 0:00 3:35
Stefan Elliott 0 0 0 0 0 1 1 0 0 0 0/0 14:42 0:00 0:46
Tomas Tatar 1 0 1 1 0 2 0 0 0 0 0/0 7:56 0:26 0:00
3 Stars
1 - Taylor Hall (EDM)
2 - James Neal (EDM)
3 - Chris Kreider (EDM)
Power Play
Oilers - 0 on 3 Attempt(s) - 0.00%
Avalanche - 1 on 4 Attempt(s) - 25.00%
Penalty Kill
Oilers - 3 on 4 Attempt(s) - 75.00%
- Score 0 goal in Penalty Kill
Avalanche - 3 on 3 Attempt(s) - 100.00%
- Score 1 goal in Penalty Kill
Team Stat
Oilers - Hits : 13 - Faceoff Wins : 26 - Blocked Shots : 17 - Penalty Minutes : 8
Avalanche - Hits : 28 - Faceoff Wins : 29 - Blocked Shots : 9 - Penalty Minutes : 6
Official
Referees : Unknown
Linesman : Unknown
Game Notes
No Game Note
Finance
Level 1 -- Attendance: 5879 (97.98%) -- Ticket Income $523,231
Level 2 -- Attendance: 4617 (92.34%) -- Ticket Income $253,935
Level 3 -- Attendance: 1966 (98.30%) -- Ticket Income $64,878
Level 4 -- Attendance: 4000 (100.00%) -- Ticket Income $92,000
Luxury Box -- Attendance: 963 (96.30%) -- Ticket Income $165,636
Game was played at the Pepsi Center.
Total Attendance: 17425 (96.81%)
Total Ticket Income: $1,099,680
Other Income: $164,952
Total Income: $1,264,632
Oilers
5 vs 5 Forward
Center Left Wing Right Wing Time % Phy DF OF
1 Riley Sheahan Taylor Hall Teuvo Teravainen 40 1 2 2
2 Leon Draisaitl Chris Kreider Phil Kessel 30 1 2 2
3 Connor McDavid James Neal Pavel Buchnevich 20 1 2 2
4 Kevin Porter Kellan Lain Jordan Caron 10 1 2 2
5 vs 5 Defense
Defense Defense Time % Phy DF OF
1 Seth Jones Denis Grebeshkov 40 1 2 2
2 Darnell Nurse Shea Weber 30 1 2 2
3 Tobias Enstrom Oscar Klefbom 20 1 2 2
4 Shea Weber Tobias Enstrom 10 1 2 2
PowerPlay Forward
Center Left Wing Right Wing Time % Phy DF OF
1 Connor McDavid Chris Kreider Teuvo Teravainen 60 0 2 3
2 Leon Draisaitl Taylor Hall Pavel Buchnevich 40 0 2 3
PowerPlay Defense
Defense Defense Time % Phy DF OF
1 Oscar Klefbom Tobias Enstrom 60 0 2 3
2 Seth Jones Shea Weber 40 0 2 3
Penalty Kill 4 Players Forward
Center Wing Time % Phy DF OF
1 Riley Sheahan Kellan Lain 60 0 3 2
2 Kevin Porter Taylor Hall 40 0 3 2
Penalty Kill 4 Players Defense
Defense Defense Time % Phy DF OF
1 Seth Jones Shea Weber 60 0 3 2
2 Darnell Nurse Denis Grebeshkov 40 0 3 2
Penalty Kill - 3 Players Forward
Forward Time % Phy DF OF
1 Kevin Porter 60 0 3 2
2 Taylor Hall 40 0 3 2
Penalty Kill - 3 Players Defense
Defense Defense Time % Phy DF OF
1 Tobias Enstrom Shea Weber 60 0 3 2
2 Denis Grebeshkov Darnell Nurse 40 0 3 2
4 vs 4 Forward
Center Wing Time % Phy DF OF
1 Riley Sheahan Phil Kessel 60 1 2 2
2 Connor McDavid Taylor Hall 40 1 2 2
4 vs 4 Defense
Defense Defense Time % Phy DF OF
1 Denis Grebeshkov Shea Weber 60 1 2 2
2 Seth Jones Tobias Enstrom 40 1 2 2
Last Minutes Offensive
Center Left Wing Right Wing Defense Defense
Connor McDavid Taylor Hall Phil Kessel Seth Jones Shea Weber
Last Minutes Defensive
Center Left Wing Right Wing Defense Defense
Riley Sheahan Taylor Hall Phil Kessel Denis Grebeshkov Shea Weber
Goaltenders
Starting : James Reimer
Backup : Jonas Gustavsson
Extra Forwards
Normal : Kellan Lain, James Neal, Teuvo Teravainen - PP : Connor McDavid, James Neal - PK : James Neal
Extra Defensemen
Normal : Darnell Nurse, Oscar Klefbom, Seth Jones - PP : Darnell Nurse - PK : Oscar Klefbom, Seth Jones
Penalty Shots
Phil Kessel, Taylor Hall, Chris Kreider, Riley Sheahan, Kellan Lain
Scratches
Adam Larsson (Left Knee Injury), Anthony Stewart (Healthy), Mike Smith (Healthy)
Avalanche
5 vs 5 Forward
Center Left Wing Right Wing Time % Phy DF OF
1 Bryan Little Mikkel Boedker Patric Hornqvist 35 1 2 2
2 Paul Stastny James Van Riemsdyk Evgeny Dadonov 30 1 2 2
3 Charlie Coyle Andrew Ladd Peter Prucha 25 1 2 2
4 Kyle Turris Tomas Tatar Nick Cousins 10 1 2 2
5 vs 5 Defense
Defense Defense Time % Phy DF OF
1 Jack Johnson Marc Staal 40 1 2 2
2 Erik Karlsson Colten Teubert 35 1 2 2
3 Mattias Ekholm Stefan Elliott 25 1 2 2
4 Jack Johnson Marc Staal 0 1 2 2
PowerPlay Forward
Center Left Wing Right Wing Time % Phy DF OF
1 Bryan Little Mikkel Boedker Patric Hornqvist 60 1 2 2
2 Paul Stastny James Van Riemsdyk Evgeny Dadonov 40 1 2 2
PowerPlay Defense
Defense Defense Time % Phy DF OF
1 Erik Karlsson Marc Staal 60 1 2 2
2 Jack Johnson Colten Teubert 40 1 2 2
Penalty Kill 4 Players Forward
Center Wing Time % Phy DF OF
1 Charlie Coyle Peter Prucha 60 1 2 2
2 Kyle Turris Andrew Ladd 40 1 2 2
Penalty Kill 4 Players Defense
Defense Defense Time % Phy DF OF
1 Jack Johnson Marc Staal 60 1 2 2
2 Mattias Ekholm Colten Teubert 40 1 2 2
Penalty Kill - 3 Players Forward
Forward Time % Phy DF OF
1 Mikkel Boedker 60 1 2 2
2 Patric Hornqvist 40 1 2 2
Penalty Kill - 3 Players Defense
Defense Defense Time % Phy DF OF
1 Jack Johnson Marc Staal 60 1 2 2
2 Erik Karlsson Colten Teubert 40 1 2 2
4 vs 4 Forward
Center Wing Time % Phy DF OF
1 Mikkel Boedker Patric Hornqvist 60 1 2 2
2 Bryan Little Paul Stastny 40 1 2 2
4 vs 4 Defense
Defense Defense Time % Phy DF OF
1 Jack Johnson Marc Staal 60 1 2 2
2 Erik Karlsson Colten Teubert 40 1 2 2
Last Minutes Offensive
Center Left Wing Right Wing Defense Defense
Bryan Little Mikkel Boedker Patric Hornqvist Jack Johnson Erik Karlsson
Last Minutes Defensive
Center Left Wing Right Wing Defense Defense
Bryan Little Mikkel Boedker Patric Hornqvist Jack Johnson Marc Staal
Goaltenders
Starting : Semyon Varlamov
Backup : Cam Ward
Extra Forwards
Normal : Charlie Coyle, Andrew Ladd, Peter Prucha - PP : Charlie Coyle, Andrew Ladd - PK : Peter Prucha
Extra Defensemen
Normal : Mattias Ekholm, Stefan Elliott, Erik Karlsson - PP : Mattias Ekholm - PK : Stefan Elliott, Erik Karlsson
Penalty Shots
Mikkel Boedker, Patric Hornqvist, Bryan Little, Paul Stastny, Evgeny Dadonov
Scratches
Danny Richmond (Strained Left Elbow Injury), Luke Witkowski (Healthy)
% Time on Ice - Oilers
Lines # - Real PCT - Wanted PCT - Time Play
Normal Forward
1 - 30% - 40% - 14:41
2 - 29% - 30% - 13:55
3 - 25% - 20% - 11:57
4 - 16% - 10% - 7:45
Normal Defense
1 - 38% - 40% - 18:08
2 - 34% - 30% - 16:22
3 - 22% - 20% - 10:47
4 - 6% - 10% - 3:01
PP Forward
1 - 56% - 60% - 2:36
2 - 44% - 40% - 2:03
PP Defense
1 - 85% - 60% - 3:56
2 - 15% - 40% - 0:43
PK Forward
1 - 74% - 60% - 4:59
2 - 26% - 40% - 1:43
PK Defense
1 - 60% - 60% - 4:03
2 - 40% - 40% - 2:39
PK3 Forward
1 - 0% - 60%
2 - 0% - 40%
PK3 Defense
1 - 0% - 60%
2 - 0% - 40%
44 Forward
1 - 0% - 60%
2 - 0% - 40%
44 Defense
1 - 0% - 60%
2 - 0% - 40%
Last Minute Offensive - 0:00
Last Minute Defensive - 0:21
Total
Forward - 60:00
Defense - 60:00
|
% Time on Ice - Avalanche
Lines # - Real PCT - Wanted PCT - Time Play
Normal Forward
1 - 31% - 35% - 14:46
2 - 28% - 30% - 13:28
3 - 26% - 25% - 12:42
4 - 15% - 10% - 7:25
Normal Defense
1 - 40% - 40% - 19:32
2 - 34% - 35% - 16:13
3 - 26% - 25% - 12:36
4 - 0% - 0% - 0:00
PP Forward
1 - 68% - 60% - 4:32
2 - 32% - 40% - 2:10
PP Defense
1 - 61% - 60% - 4:05
2 - 39% - 40% - 2:37
PK Forward
1 - 78% - 60% - 3:38
2 - 22% - 40% - 1:01
PK Defense
1 - 72% - 60% - 3:20
2 - 28% - 40% - 1:19
PK3 Forward
1 - 0% - 60%
2 - 0% - 40%
PK3 Defense
1 - 0% - 60%
2 - 0% - 40%
44 Forward
1 - 0% - 60%
2 - 0% - 40%
44 Defense
1 - 0% - 60%
2 - 0% - 40%
Last Minute Offensive - 0:18
Last Minute Defensive - 0:00
Total
Forward - 60:00
Defense - 60:00
|
Play-by-Play
1st period
0:01 of 1st period - Riley Sheahan wins face-off versus Bryan Little in neutral zone.
0:03 of 1st period - Off-side.
0:04 of 1st period - Bryan Little wins face-off versus Riley Sheahan in neutral zone.
1:13 of 1st period - Kellan Lain is hit by Colten Teubert and loses puck.
1:28 of 1st period - Riley Sheahan is hit by Erik Karlsson and loses puck.
1:47 of 1st period - Paul Stastny is hit by Darnell Nurse and loses puck.
1:56 of 1st period - Tobias Enstrom is hit by Evgeny Dadonov and loses puck.
2:13 of 1st period - Wrist shot by James Neal.
2:13 of 1st period - Deflect By Connor McDavid.
2:13 of 1st period - Shot Misses the Net.
2:13 of 1st period - Puck is out of play.
2:14 of 1st period - Connor McDavid wins face-off versus Patric Hornqvist in Avalanche zone.
2:17 of 1st period - Slapshot by Connor McDavid.
2:17 of 1st period - Shot Misses the Net.
2:19 of 1st period - Snap shot by Connor McDavid.
2:19 of 1st period - Stopped by Semyon Varlamov without a rebound.
2:20 of 1st period - Bryan Little wins face-off versus Teuvo Teravainen in Avalanche zone.
3:09 of 1st period - Wrist shot by Oscar Klefbom.
3:09 of 1st period - Deflect By Jordan Caron.
3:09 of 1st period - Stopped by Semyon Varlamov with a rebound.
4:12 of 1st period - Wrist shot by Patric Hornqvist.
4:12 of 1st period - Shot Misses the Net.
4:24 of 1st period - Stefan Elliott is hit by Denis Grebeshkov and loses puck.
4:37 of 1st period - Kevin Porter is hit by Andrew Ladd and loses puck.
4:44 of 1st period - Snap shot by Charlie Coyle.
4:44 of 1st period - Stopped by James Reimer with a rebound.
4:46 of 1st period - Snap shot by Peter Prucha.
4:46 of 1st period - Goal by Peter Prucha - Oilers : 0 - Avalanche : 1.
4:47 of 1st period - Paul Stastny wins face-off versus Riley Sheahan in neutral zone.
4:50 of 1st period - Taylor Hall is hit by Paul Stastny and loses puck.
5:24 of 1st period - Wrist shot by Phil Kessel.
5:24 of 1st period - Stopped by Semyon Varlamov with a rebound.
5:26 of 1st period - Snap shot by Chris Kreider.
5:26 of 1st period - Shot Misses the Net.
5:40 of 1st period - Slapshot by Kyle Turris.
5:40 of 1st period - Shot Blocked by Seth Jones.
6:27 of 1st period - Marc Staal is hit by Taylor Hall and loses puck.
7:08 of 1st period - Snap shot by Kyle Turris.
7:08 of 1st period - Stopped by James Reimer with a rebound.
7:10 of 1st period - Snap shot by Bryan Little.
7:10 of 1st period - Shot Misses the Net.
7:12 of 1st period - Slapshot by Colten Teubert.
7:12 of 1st period - Deflect By Patric Hornqvist.
7:12 of 1st period - Stopped by James Reimer with a rebound.
8:12 of 1st period - Minor Penalty to Phil Kessel for Hooking.
8:13 of 1st period - Riley Sheahan wins face-off versus Bryan Little in Oilers zone.
8:22 of 1st period - Kellan Lain is hit by Patric Hornqvist and loses puck.
8:45 of 1st period - Wrist shot by Evgeny Dadonov.
8:45 of 1st period - Stopped by James Reimer without a rebound.
8:46 of 1st period - Riley Sheahan wins face-off versus Paul Stastny in Oilers zone.
8:57 of 1st period - Snap shot by James Van Riemsdyk.
8:57 of 1st period - Goal by James Van Riemsdyk - Oilers : 0 - Avalanche : 2.
8:58 of 1st period - Paul Stastny wins face-off versus Riley Sheahan in neutral zone.
9:45 of 1st period - Snap shot by Pavel Buchnevich.
9:45 of 1st period - Shot Misses the Net.
10:24 of 1st period - Colten Teubert is hit by Kevin Porter and loses puck.
10:45 of 1st period - Backhand shot by Andrew Ladd.
10:45 of 1st period - Shot Blocked by Phil Kessel.
10:47 of 1st period - Backhand shot by Andrew Ladd.
10:47 of 1st period - Stopped by James Reimer without a rebound.
10:48 of 1st period - Leon Draisaitl wins face-off versus Charlie Coyle in Oilers zone.
11:13 of 1st period - Oscar Klefbom is hit by Andrew Ladd and loses puck.
11:42 of 1st period - Snap shot by Phil Kessel.
11:42 of 1st period - Shot Blocked by Colten Teubert.
11:46 of 1st period - Snap shot by Leon Draisaitl.
11:46 of 1st period - Stopped by Semyon Varlamov with a rebound.
11:48 of 1st period - Snap shot by Chris Kreider.
11:48 of 1st period - Stopped by Semyon Varlamov without a rebound.
11:49 of 1st period - Riley Sheahan wins face-off versus Paul Stastny in Avalanche zone.
12:36 of 1st period - Slapshot by Kellan Lain.
12:36 of 1st period - Shot Misses the Net.
14:49 of 1st period - Denis Grebeshkov is hit by Mikkel Boedker and loses puck.
15:26 of 1st period - Snap shot by Connor McDavid.
15:26 of 1st period - Goal by Connor McDavid - Oilers : 1 - Avalanche : 2.
15:27 of 1st period - Paul Stastny wins face-off versus Riley Sheahan in neutral zone.
15:35 of 1st period - Minor Penalty to Erik Karlsson for Roughing.
15:36 of 1st period - Connor McDavid wins face-off versus Charlie Coyle in Avalanche zone.
15:53 of 1st period - Wrist shot by Teuvo Teravainen.
15:53 of 1st period - Deflect By Connor McDavid.
15:53 of 1st period - Stopped by Semyon Varlamov without a rebound.
15:54 of 1st period - Charlie Coyle wins face-off versus Leon Draisaitl in Avalanche zone.
16:09 of 1st period - Slapshot by Oscar Klefbom.
16:09 of 1st period - Stopped by Semyon Varlamov with a rebound.
16:11 of 1st period - Snap shot by Leon Draisaitl.
16:11 of 1st period - Stopped by Semyon Varlamov without a rebound.
16:12 of 1st period - Charlie Coyle wins face-off versus Connor McDavid in Avalanche zone.
16:43 of 1st period - Icing by Pavel Buchnevich.
16:44 of 1st period - Charlie Coyle wins face-off versus Leon Draisaitl in Oilers zone.
17:29 of 1st period - Wrist shot by Leon Draisaitl.
17:29 of 1st period - Shot Misses the Net.
17:31 of 1st period - Slapshot by Oscar Klefbom.
17:31 of 1st period - Stopped by Semyon Varlamov without a rebound.
17:32 of 1st period - Charlie Coyle wins face-off versus Connor McDavid in Avalanche zone.
17:35 of 1st period - Penalty to Erik Karlsson is over, Erik Karlsson is back on ice.
17:45 of 1st period - Snap shot by Connor McDavid.
17:45 of 1st period - Stopped by Semyon Varlamov without a rebound.
17:46 of 1st period - Paul Stastny wins face-off versus Kevin Porter in Avalanche zone.
18:03 of 1st period - Snap shot by Evgeny Dadonov.
18:03 of 1st period - Shot Misses the Net.
18:13 of 1st period - Marc Staal is hit by Denis Grebeshkov and loses puck.
18:44 of 1st period - Wrist shot by Leon Draisaitl.
18:44 of 1st period - Shot Blocked by Erik Karlsson.
18:46 of 1st period - Wrist shot by Leon Draisaitl.
18:46 of 1st period - Stopped by Semyon Varlamov with a rebound.
18:58 of 1st period - Slapshot by Kyle Turris.
18:58 of 1st period - Shot Misses the Net.
19:20 of 1st period - Snap shot by Evgeny Dadonov.
19:20 of 1st period - Deflect By James Van Riemsdyk.
19:20 of 1st period - Shot Blocked by Riley Sheahan.
19:20 of 1st period - Puck is out of play.
19:21 of 1st period - Evgeny Dadonov wins face-off versus Leon Draisaitl in Oilers zone.
19:24 of 1st period - Snap shot by Paul Stastny.
19:24 of 1st period - Shot Misses the Net.
19:26 of 1st period - Wrist shot by Evgeny Dadonov.
19:26 of 1st period - Stopped by James Reimer without a rebound.
19:27 of 1st period - Leon Draisaitl wins face-off versus Bryan Little in Oilers zone.
19:54 of 1st period - Backhand shot by Marc Staal.
19:54 of 1st period - Stopped by James Reimer without a rebound.
19:55 of 1st period - Riley Sheahan wins face-off versus Paul Stastny in Oilers zone.
Goals for this period are 1 for Oilers vs 2 for Avalanche.
Shots for this period are 12 for Oilers vs 9 for Avalanche.
2nd period
0:01 of 2nd period - Riley Sheahan wins face-off versus Paul Stastny in neutral zone.
0:08 of 2nd period - Snap shot by Riley Sheahan.
0:08 of 2nd period - Shot Blocked by Jack Johnson.
0:30 of 2nd period - James Neal is hit by Marc Staal and loses puck.
0:35 of 2nd period - Snap shot by Evgeny Dadonov.
0:35 of 2nd period - Shot Blocked by Pavel Buchnevich.
0:37 of 2nd period - Slapshot by Jack Johnson.
0:37 of 2nd period - Shot Misses the Net.
0:39 of 2nd period - Wrist shot by Jack Johnson.
0:39 of 2nd period - Stopped by James Reimer with a rebound.
1:41 of 2nd period - Slapshot by Connor McDavid.
1:41 of 2nd period - Stopped by Semyon Varlamov without a rebound.
1:42 of 2nd period - Bryan Little wins face-off versus Riley Sheahan in Avalanche zone.
1:42 of 2nd period - Bryan Little is hit by Taylor Hall.
1:49 of 2nd period - Minor Penalty to Taylor Hall for Holding.
1:50 of 2nd period - Riley Sheahan wins face-off versus Bryan Little in Oilers zone.
2:45 of 2nd period - Shea Weber is hit by Andrew Ladd and loses puck.
3:49 of 2nd period - Penalty to Taylor Hall is over, Taylor Hall is back on ice.
4:41 of 2nd period - Slapshot by Kellan Lain.
4:41 of 2nd period - Shot Misses the Net.
4:43 of 2nd period - Wrist shot by Kellan Lain.
4:43 of 2nd period - Goal by Kellan Lain - Oilers : 2 - Avalanche : 2.
4:44 of 2nd period - Riley Sheahan wins face-off versus Bryan Little in neutral zone.
5:11 of 2nd period - Wrist shot by Tobias Enstrom.
5:11 of 2nd period - Shot Misses the Net.
5:13 of 2nd period - Snap shot by Shea Weber.
5:13 of 2nd period - Stopped by Semyon Varlamov without a rebound.
5:14 of 2nd period - Charlie Coyle wins face-off versus Leon Draisaitl in Avalanche zone.
5:33 of 2nd period - Snap shot by Chris Kreider.
5:33 of 2nd period - Stopped by Semyon Varlamov with a rebound.
5:35 of 2nd period - Snap shot by Leon Draisaitl.
5:35 of 2nd period - Deflect By Chris Kreider.
5:35 of 2nd period - Goal by Chris Kreider - Oilers : 3 - Avalanche : 2.
5:36 of 2nd period - Bryan Little wins face-off versus Taylor Hall in neutral zone.
5:41 of 2nd period - Riley Sheahan is hit by Colten Teubert and loses puck.
5:52 of 2nd period - Slapshot by Shea Weber.
5:52 of 2nd period - Stopped by Semyon Varlamov with a rebound.
6:35 of 2nd period - Icing by Connor McDavid.
6:36 of 2nd period - Connor McDavid wins face-off versus Bryan Little in Oilers zone.
6:52 of 2nd period - Snap shot by Connor McDavid.
6:52 of 2nd period - Stopped by Semyon Varlamov with a rebound.
6:54 of 2nd period - Snap shot by Pavel Buchnevich.
6:54 of 2nd period - Shot Misses the Net.
6:56 of 2nd period - Slapshot by Seth Jones.
6:56 of 2nd period - Stopped by Semyon Varlamov without a rebound.
6:57 of 2nd period - Charlie Coyle wins face-off versus Riley Sheahan in Avalanche zone.
7:02 of 2nd period - Wrist shot by Taylor Hall.
7:02 of 2nd period - Goal by Taylor Hall - Oilers : 4 - Avalanche : 2.
7:03 of 2nd period - Riley Sheahan wins face-off versus Bryan Little in neutral zone.
7:17 of 2nd period - Snap shot by Teuvo Teravainen.
7:17 of 2nd period - Shot Misses the Net.
7:19 of 2nd period - Snap shot by Taylor Hall.
7:19 of 2nd period - Shot Misses the Net.
7:37 of 2nd period - Snap shot by Evgeny Dadonov.
7:37 of 2nd period - Stopped by James Reimer with a rebound.
7:39 of 2nd period - Snap shot by James Van Riemsdyk.
7:39 of 2nd period - Shot Misses the Net.
7:41 of 2nd period - Slapshot by Erik Karlsson.
7:41 of 2nd period - Stopped by James Reimer with a rebound.
7:43 of 2nd period - Slapshot by Erik Karlsson.
7:43 of 2nd period - Shot Blocked by Darnell Nurse.
7:52 of 2nd period - Icing by Kellan Lain.
7:53 of 2nd period - Charlie Coyle wins face-off versus Kevin Porter in Oilers zone.
8:40 of 2nd period - Slapshot by Jack Johnson.
8:40 of 2nd period - Shot Misses the Net.
8:52 of 2nd period - Kellan Lain is hit by Charlie Coyle.
8:58 of 2nd period - Backhand shot by Jack Johnson.
8:58 of 2nd period - Deflect By Jordan Caron.
8:58 of 2nd period - Stopped by James Reimer without a rebound.
8:59 of 2nd period - Bryan Little wins face-off versus Riley Sheahan in Oilers zone.
9:02 of 2nd period - Wrist shot by Patric Hornqvist.
9:02 of 2nd period - Shot Misses the Net.
9:05 of 2nd period - Icing by Seth Jones.
9:06 of 2nd period - Bryan Little wins face-off versus Riley Sheahan in Oilers zone.
9:15 of 2nd period - Wrist shot by Teuvo Teravainen.
9:15 of 2nd period - Stopped by Semyon Varlamov without a rebound.
9:16 of 2nd period - Taylor Hall wins face-off versus Bryan Little in Avalanche zone.
9:19 of 2nd period - Snap shot by Taylor Hall.
9:19 of 2nd period - Stopped by Semyon Varlamov with a rebound.
9:21 of 2nd period - Minor Penalty to Colten Teubert for Holding.
9:22 of 2nd period - Connor McDavid wins face-off versus Charlie Coyle in Avalanche zone.
9:23 of 2nd period - Slapshot by Chris Kreider.
9:23 of 2nd period - Shot Blocked by Charlie Coyle.
9:25 of 2nd period - Slapshot by Chris Kreider.
9:25 of 2nd period - Shot Blocked by Jack Johnson.
9:27 of 2nd period - Slapshot by Teuvo Teravainen.
9:27 of 2nd period - Stopped by Semyon Varlamov with a rebound.
9:29 of 2nd period - Slapshot by Tobias Enstrom.
9:29 of 2nd period - Shot Misses the Net.
9:31 of 2nd period - Snap shot by Tobias Enstrom.
9:31 of 2nd period - Shot Misses the Net.
9:57 of 2nd period - Snap shot by Taylor Hall.
9:57 of 2nd period - Stopped by Semyon Varlamov without a rebound.
9:58 of 2nd period - Connor McDavid wins face-off versus Kyle Turris in Avalanche zone.
10:05 of 2nd period - Backhand shot by Andrew Ladd.
10:05 of 2nd period - Shot Misses the Net.
10:07 of 2nd period - Slapshot by Kyle Turris.
10:07 of 2nd period - Stopped by James Reimer with a rebound.
10:09 of 2nd period - Snap shot by Andrew Ladd.
10:09 of 2nd period - Shot Misses the Net.
10:11 of 2nd period - Wrist shot by Andrew Ladd.
10:11 of 2nd period - Goal by Andrew Ladd - Oilers : 4 - Avalanche : 3.
10:12 of 2nd period - Charlie Coyle wins face-off versus Connor McDavid in neutral zone.
11:21 of 2nd period - Penalty to Colten Teubert is over, Colten Teubert is back on ice.
11:33 of 2nd period - Snap shot by Seth Jones.
11:33 of 2nd period - Shot Blocked by Colten Teubert.
11:35 of 2nd period - Wrist shot by Seth Jones.
11:35 of 2nd period - Stopped by Semyon Varlamov with a rebound.
11:37 of 2nd period - Wrist shot by Jordan Caron.
11:37 of 2nd period - Shot Misses the Net.
11:39 of 2nd period - Slapshot by Seth Jones.
11:39 of 2nd period - Stopped by Semyon Varlamov with a rebound.
13:02 of 2nd period - Marc Staal is hit by James Neal and loses puck.
13:12 of 2nd period - Off-side.
13:13 of 2nd period - Riley Sheahan wins face-off versus Peter Prucha in neutral zone.
13:42 of 2nd period - Wrist shot by Paul Stastny.
13:42 of 2nd period - Shot Blocked by Taylor Hall.
13:44 of 2nd period - Snap shot by Evgeny Dadonov.
13:44 of 2nd period - Shot Misses the Net.
13:46 of 2nd period - Wrist shot by Paul Stastny.
13:46 of 2nd period - Shot Misses the Net.
13:48 of 2nd period - Snap shot by James Van Riemsdyk.
13:48 of 2nd period - Stopped by James Reimer with a rebound.
13:50 of 2nd period - Wrist shot by Evgeny Dadonov.
13:50 of 2nd period - Stopped by James Reimer with a rebound.
13:52 of 2nd period - Backhand shot by Evgeny Dadonov.
13:52 of 2nd period - Stopped by James Reimer with a rebound.
13:54 of 2nd period - Slapshot by James Van Riemsdyk.
13:54 of 2nd period - Stopped by James Reimer with a rebound.
14:00 of 2nd period - Minor Penalty to Oscar Klefbom for Hooking.
14:01 of 2nd period - Bryan Little wins face-off versus Riley Sheahan in Oilers zone.
14:11 of 2nd period - Icing by Erik Karlsson.
14:12 of 2nd period - Riley Sheahan wins face-off versus Bryan Little in Avalanche zone.
15:04 of 2nd period - Off-side.
15:05 of 2nd period - James Neal wins face-off versus Paul Stastny in neutral zone.
15:14 of 2nd period - Wrist shot by Evgeny Dadonov.
15:14 of 2nd period - Shot Blocked by Denis Grebeshkov.
15:16 of 2nd period - Slapshot by Colten Teubert.
15:16 of 2nd period - Shot Misses the Net.
15:18 of 2nd period - Snap shot by James Van Riemsdyk.
15:18 of 2nd period - Deflect By James Neal.
15:18 of 2nd period - Shot Misses the Net.
15:18 of 2nd period - Puck is out of play.
15:19 of 2nd period - Paul Stastny wins face-off versus Riley Sheahan in Oilers zone.
16:00 of 2nd period - Penalty to Oscar Klefbom is over, Oscar Klefbom is back on ice.
16:06 of 2nd period - James Van Riemsdyk is hit by Darnell Nurse and loses puck.
16:50 of 2nd period - Snap shot by Peter Prucha.
16:50 of 2nd period - Shot Misses the Net.
17:39 of 2nd period - Slapshot by Seth Jones.
17:39 of 2nd period - Stopped by Semyon Varlamov with a rebound.
17:41 of 2nd period - Snap shot by Teuvo Teravainen.
17:41 of 2nd period - Shot Blocked by Nick Cousins.
17:43 of 2nd period - Snap shot by Denis Grebeshkov.
17:43 of 2nd period - Deflect By Kyle Turris.
17:43 of 2nd period - Stopped by Semyon Varlamov with a rebound.
17:45 of 2nd period - Snap shot by Teuvo Teravainen.
17:45 of 2nd period - Stopped by Semyon Varlamov without a rebound.
17:46 of 2nd period - Kyle Turris wins face-off versus Leon Draisaitl in Avalanche zone.
17:51 of 2nd period - Snap shot by Phil Kessel.
17:51 of 2nd period - Shot Misses the Net.
18:03 of 2nd period - Snap shot by Tomas Tatar.
18:03 of 2nd period - Stopped by James Reimer with a rebound.
18:05 of 2nd period - Snap shot by Tomas Tatar.
18:05 of 2nd period - Goal by Tomas Tatar - Oilers : 4 - Avalanche : 4.
18:06 of 2nd period - Leon Draisaitl wins face-off versus Bryan Little in neutral zone.
18:13 of 2nd period - Snap shot by Bryan Little.
18:13 of 2nd period - Stopped by James Reimer without a rebound.
18:14 of 2nd period - Bryan Little wins face-off versus Chris Kreider in Oilers zone.
18:21 of 2nd period - Snap shot by Bryan Little.
18:21 of 2nd period - Stopped by James Reimer with a rebound.
18:58 of 2nd period - Snap shot by Patric Hornqvist.
18:58 of 2nd period - Shot Blocked by Chris Kreider.
19:00 of 2nd period - Slapshot by Patric Hornqvist.
19:00 of 2nd period - Shot Blocked by Chris Kreider.
19:02 of 2nd period - Snap shot by Stefan Elliott.
19:02 of 2nd period - Stopped by James Reimer without a rebound.
19:03 of 2nd period - Paul Stastny wins face-off versus Riley Sheahan in Oilers zone.
19:08 of 2nd period - Snap shot by James Van Riemsdyk.
19:08 of 2nd period - Stopped by James Reimer with a rebound.
19:34 of 2nd period - Slapshot by Marc Staal.
19:34 of 2nd period - Shot Blocked by James Neal.
19:52 of 2nd period - Snap shot by Kevin Porter.
19:52 of 2nd period - Shot Blocked by Marc Staal.
19:54 of 2nd period - Wrist shot by Kevin Porter.
19:54 of 2nd period - Shot Misses the Net.
19:56 of 2nd period - Slapshot by Kellan Lain.
19:56 of 2nd period - Shot Misses the Net.
19:58 of 2nd period - Wrist shot by Kellan Lain.
19:58 of 2nd period - Stopped by Semyon Varlamov with a rebound.
Goals for this period are 3 for Oilers vs 2 for Avalanche.
Shots for this period are 19 for Oilers vs 16 for Avalanche.
3rd period
0:01 of 3rd period - Bryan Little wins face-off versus Riley Sheahan in neutral zone.
0:26 of 3rd period - Leon Draisaitl is hit by Colten Teubert and loses puck.
0:39 of 3rd period - Snap shot by Evgeny Dadonov.
0:39 of 3rd period - Shot Misses the Net.
0:50 of 3rd period - Off-side.
0:51 of 3rd period - Charlie Coyle wins face-off versus Connor McDavid in neutral zone.
1:06 of 3rd period - Wrist shot by Peter Prucha.
1:06 of 3rd period - Stopped by James Reimer with a rebound.
1:08 of 3rd period - Snap shot by Charlie Coyle.
1:08 of 3rd period - Shot Misses the Net.
1:12 of 3rd period - Wrist shot by Charlie Coyle.
1:12 of 3rd period - Stopped by James Reimer with a rebound.
1:22 of 3rd period - Snap shot by Charlie Coyle.
1:22 of 3rd period - Shot Blocked by Connor McDavid.
1:42 of 3rd period - Wrist shot by Peter Prucha.
1:42 of 3rd period - Shot Misses the Net.
1:44 of 3rd period - Slapshot by Charlie Coyle.
1:44 of 3rd period - Shot Misses the Net.
1:46 of 3rd period - Snap shot by Peter Prucha.
1:46 of 3rd period - Shot Misses the Net.
1:48 of 3rd period - Slapshot by Jack Johnson.
1:48 of 3rd period - Stopped by James Reimer without a rebound.
1:49 of 3rd period - Riley Sheahan wins face-off versus Bryan Little in Oilers zone.
2:03 of 3rd period - Snap shot by Seth Jones.
2:03 of 3rd period - Shot Misses the Net.
2:05 of 3rd period - Slapshot by Riley Sheahan.
2:05 of 3rd period - Shot Misses the Net.
2:15 of 3rd period - Seth Jones is hit by Mattias Ekholm and loses puck.
3:18 of 3rd period - Slapshot by Kyle Turris.
3:18 of 3rd period - Shot Blocked by Darnell Nurse.
3:36 of 3rd period - Wrist shot by James Neal.
3:36 of 3rd period - Goal by James Neal - Oilers : 5 - Avalanche : 4.
3:37 of 3rd period - Riley Sheahan wins face-off versus Bryan Little in neutral zone.
4:12 of 3rd period - Denis Grebeshkov is hit by Mattias Ekholm.
4:35 of 3rd period - Wrist shot by Charlie Coyle.
4:35 of 3rd period - Shot Blocked by Denis Grebeshkov.
5:07 of 3rd period - Nick Cousins is hit by Jordan Caron and loses puck.
5:20 of 3rd period - Jordan Caron is hit by Colten Teubert and loses puck.
5:35 of 3rd period - Chris Kreider is hit by Colten Teubert.
5:38 of 3rd period - Off-side.
5:39 of 3rd period - Riley Sheahan wins face-off versus Bryan Little in neutral zone.
5:41 of 3rd period - Minor Penalty to Taylor Hall for Cross-checking.
5:42 of 3rd period - Bryan Little wins face-off versus Riley Sheahan in Oilers zone.
5:52 of 3rd period - Snap shot by Mikkel Boedker.
5:52 of 3rd period - Deflect By Patric Hornqvist.
5:52 of 3rd period - Stopped by James Reimer without a rebound.
5:53 of 3rd period - Riley Sheahan wins face-off versus Bryan Little in Oilers zone.
7:00 of 3rd period - Denis Grebeshkov is hit by James Van Riemsdyk and loses puck.
7:41 of 3rd period - Penalty to Taylor Hall is over, Taylor Hall is back on ice.
8:12 of 3rd period - Wrist shot by Taylor Hall.
8:12 of 3rd period - Shot Blocked by Erik Karlsson.
8:28 of 3rd period - Wrist shot by Charlie Coyle.
8:28 of 3rd period - Shot Blocked by Darnell Nurse.
8:38 of 3rd period - Patric Hornqvist is hit by Phil Kessel and loses puck.
9:08 of 3rd period - Kyle Turris is hit by Kellan Lain.
9:35 of 3rd period - Paul Stastny is hit by Chris Kreider and loses puck.
10:01 of 3rd period - Seth Jones is hit by Colten Teubert.
10:05 of 3rd period - Phil Kessel is hit by Andrew Ladd and loses puck.
10:20 of 3rd period - Snap shot by Nick Cousins.
10:20 of 3rd period - Shot Blocked by Denis Grebeshkov.
10:32 of 3rd period - Darnell Nurse is hit by Bryan Little.
10:36 of 3rd period - Connor McDavid is hit by Erik Karlsson and loses puck.
11:46 of 3rd period - Slapshot by Jack Johnson.
11:46 of 3rd period - Shot Blocked by Kellan Lain.
14:32 of 3rd period - Tobias Enstrom is hit by Mikkel Boedker and loses puck.
14:37 of 3rd period - Snap shot by Mikkel Boedker.
14:37 of 3rd period - Shot Misses the Net.
14:51 of 3rd period - Oscar Klefbom is hit by Evgeny Dadonov and loses puck.
15:35 of 3rd period - Snap shot by Charlie Coyle.
15:35 of 3rd period - Stopped by James Reimer with a rebound.
15:37 of 3rd period - Slapshot by Andrew Ladd.
15:37 of 3rd period - Shot Blocked by James Neal.
15:56 of 3rd period - Kevin Porter is hit by Mikkel Boedker.
16:37 of 3rd period - Denis Grebeshkov is hit by Stefan Elliott and loses puck.
17:59 of 3rd period - Shea Weber is hit by Bryan Little and loses puck.
18:16 of 3rd period - Snap shot by Connor McDavid.
18:16 of 3rd period - Stopped by Semyon Varlamov with a rebound.
18:22 of 3rd period - Shea Weber is hit by Charlie Coyle and loses puck.
19:13 of 3rd period - Snap shot by Taylor Hall.
19:13 of 3rd period - Goal by Taylor Hall - Oilers : 6 - Avalanche : 4.
19:14 of 3rd period - Connor McDavid wins face-off versus Charlie Coyle in neutral zone.
19:18 of 3rd period - Minor Penalty to Andrew Ladd for Roughing.
19:19 of 3rd period - Charlie Coyle wins face-off versus Chris Kreider in Avalanche zone.
19:19 of 3rd period - Charlie Coyle is hit by Connor McDavid.
19:32 of 3rd period - Icing by Teuvo Teravainen.
19:33 of 3rd period - Charlie Coyle wins face-off versus Connor McDavid in Oilers zone.
Goals for this period are 2 for Oilers vs 0 for Avalanche.
Shots for this period are 3 for Oilers vs 5 for Avalanche.